 Dungeon Crawl Stone Soup version 0.21.0-3-g78d12a8 (webtiles) character file.

222 pstr the Digger (level 5, 0/43 HPs)
             Began as a Naga Earth Elementalist on Jan 17, 2018.
             Slain by dscm's ghost (2 damage)
             ... on level 4 of the Dungeon.
             The game lasted 00:07:46 (4095 turns).

pstr the Digger (Naga Earth Elementalist)           Turns: 4095, Time: 00:07:47

Health: 0/43       AC:  3    Str: 10    XL:     5   Next: 99%
Magic:  4/10       EV: 11    Int: 16    God:
Gold:   207        SH:  0    Dex: 21    Spells: 7/11 levels left

rFire    . . .     SeeInvis +   m - +0 short sword
rCold    . . .     Gourm    .   (no shield)
rNeg     . . .     Faith    .   c - +0 robe
rPois    +         Spirit   .   (no helmet)
rElec    .         Reflect  .   (no cloak)
rCorr    .         Harm     .   (no gloves)
MR       .....                  (no barding)
Stlth    +++.......             (no amulet)
HPRegen  0.14/turn              a - +5 ring of dexterity
MPRegen  0.12/turn              k - +4 ring of dexterity

@: very slow
A: large, see invisible, deformed body, poison resistance, shaggy fur 1,
slowness 2, slow metabolism 1, spit poison 2, MP-powered wands, AC +1
a: Breathe Poison Gas


You were on level 4 of the Dungeon.
You were hungry.

You visited 1 branch of the dungeon, and saw 4 of its levels.

You collected 207 gold pieces.

Inventory:

Hand Weapons
 m - a +0 short sword (weapon)
Missiles
 b - 111 stones (quivered)
Armour
 c - a +0 robe (worn)
 p - a +0 leather armour
Jewellery
 a - a +5 ring of dexterity (left hand)
 k - a +4 ring of dexterity (right hand)
Wands
 q - a wand of random effects (28)
Scrolls
 f - a scroll of enchant armour {unknown}
 g - 2 scrolls of amnesia {unknown}
 h - a scroll of immolation {unknown}
 j - a scroll of random uselessness {unknown}
 l - a scroll of fear {unknown}
 n - 2 scrolls of teleportation {unknown}
 o - 2 scrolls of identify {unknown}
 r - a scroll of noise {unknown}
Books
 e - a book of Geomancy

   Spells                             Type                      Level
   a - Sandblast                      Earth                        1
   b - Passwall                       Transmutation/Earth          2
   c - Stone Arrow                    Conjuration/Earth            3
   d - Petrify                        Transmutation/Earth          4
   e - Lee's Rapid Deconstruction     Earth                        5
Comestibles
 d - 5 rations


   Skills:
 + Level 0.6 Fighting
 + Level 2.0 Dodging
 + Level 3.8 Stealth
 + Level 3.5 Spellcasting
 + Level 1.6 Conjurations
   Level 1.0 Transmutations
 + Level 4.6 Earth Magic


You had 7 spell levels left.
You knew the following spells:

 Your Spells              Type           Power        Failure   Level  Hunger
a - Sandblast             Erth           ###...       2%          1    None
b - Stone Arrow           Conj/Erth      ##....       14%         3    ###....


Dungeon Overview and Level Annotations

Branches:
Dungeon (4/15)
 Temple: D:4-7

Altars:

Annotations:
D:4 dscm's ghost, weakling DsNe


Innate Abilities, Weirdness & Mutations

You cannot wear boots.
Your serpentine skin is tough. (AC +1)
You have supernaturally acute eyesight. (SInv)
Armour fits poorly on your strangely shaped body.
Your system is resistant to poisons. (rPois)
You cover ground very slowly.
You have a slow metabolism.
You can exhale a cloud of poison.
You are covered in fur. (AC +1)
You expend magic power (3 MP) to strengthen your wands.


Message History

It was a potion of curing.
You feel better. The orc hits you with a dagger.
The orc wizard shouts!
The orc priest shouts!
You hear a shout!
The orc hits you with a dagger. The orc barely misses you.
Found a ration.
The orc wizard gestures wildly while chanting.
The orc wizard flickers and vanishes for a moment.
The orc priest calls down the wrath of Beogh upon you.
Beogh smites you!
* * * LOW HITPOINT WARNING * * *
The orc hits you with a dagger.
* * * LOW HITPOINT WARNING * * *
Dscm's ghost misses you. The orc hits you but does no damage.
Dscm's ghost points at you and mumbles some strange words.
Pain shoots through your body!
* * * LOW HITPOINT WARNING * * *
The orc closely misses you. Dscm's ghost hits you.
You die...

..######.....#
....#####..o..##
.#............#
..%....o....#
............#
............#
......oo....#
......Wo(...####
....###@#......# ##.#
##.#......######### ...
...................#
###.###.##############.#
.. #.##....##### #.#
##.##.## #......# #..
...... #..###.######
###.#.####..# #...#
#........#..# ###.#


You could see 2 orc priests, an orc wizard (invisible), dscm's ghost and 2 orcs.

Vanquished Creatures
  An ogre (D:4)
  A hound (D:4)
  3 adders
  A dart slug (D:1)
  2 leopard geckos (D:4)
  5 orcs
  A giant cockroach (D:2)
  12 goblins
  7 hobgoblins
  7 jackals
  9 kobolds
  2 quokkas
  7 bats
  5 frilled lizards
  7 rats
70 creatures vanquished.

Notes
Turn   | Place    | Note
-------+----------+-------------------------------------------
     0 | D:1      | pstr the Naga Earth Elementalist began the quest for the Orb.
     0 | D:1      | Reached XP level 1. HP: 15/15 MP: 3/3
   270 | D:1      | Reached XP level 2. HP: 19/22 MP: 3/5
   751 | D:1      | Reached XP level 3. HP: 28/28 MP: 3/6
   756 | D:1      | Learned a level 3 spell: Stone Arrow
  1580 | D:2      | Reached XP level 4. HP: 36/36 MP: 4/8
  2715 | D:3      | Reached skill level 4 in Earth Magic
  2945 | D:3      | Gained mutation: You are covered in fur. (AC +1) [potion of mutation]
  2945 | D:3      | Gained mutation: You expend magic power (3 MP) to strengthen your wands. [potion of mutation]
  2945 | D:3      | Gained mutation: You can exhale a cloud of poison. [potion of mutation]
  3744 | D:4      | Noticed an ogre
  3749 | D:4      | Killed an ogre
  3749 | D:4      | Reached skill level 1 in Conjurations
  3749 | D:4      | Reached XP level 5. HP: 43/43 MP: 2/10
  4046 | D:4      | Noticed dscm's ghost (weakling DsNe)
  4093 | D:4      | HP: 1/43 [dscm's ghost/nerve-wracking pain (2)]
  4095 | D:4      | Slain by dscm's ghost

Skill      XL: |  1  2  3  4  5 |
---------------+----------------+-----
Earth Magic    | 4 |  4.6
Spellcasting   | 3 |  3.5
Conjurations   | 1 |  1.6
Dodging        | 2 |  2.0
Fighting       | |  0.6
Stealth        | |  3.8
Transmutations | |  1.0

Action                   |  1- 3 |  4- 6 || total
-------------------------+-------+-------++-------
Melee: Unarmed           |     1 |     3 ||     4
 Cast: Sandblast         |    39 |    14 ||    53
       Stone Arrow       |     6 |    31 ||    37
 Abil: Spit Poison       |     6 |     5 ||    11
       Breathe Poison Ga |       |     4 ||     4
  Use: Potion            |       |     4 ||     4
  Eat: Chunk             |     3 |     7 ||    10
       Ration            |       |     1 ||     1
Armor: Robe              |     4 |    10 ||    14
Dodge: Dodged            |    17 |    27 ||    44
